 Dungeon Crawl Stone Soup version 0.31.0-11-ge490571c62 (webtiles) character file.

Game seed: 18114268091525610563

2268 Flugkiller the Fighter (level 9, -6/82 HPs)
             Began as a Minotaur Fighter on Jan 28, 2024.
             Was a Believer of Okawaru.
             Mangled by a warg (14 damage)
             ... on level 7 of the Dungeon.
             The game lasted 00:03:33 (7697 turns).

Flugkiller the Fighter (Minotaur Fighter)           Turns: 7697, Time: 00:03:34

Health: -6/82      AC: 15    Str: 23 (24) XL:     9   Next: 16%
Magic:  8/10       EV: 12    Int:  7 (9)  God:    Okawaru [**....]
Gold:   385        SH:  6    Dex:  9      Spells: 8/8 levels left

rFire   . . .        a - +0 war axe
rCold   + . .        k - +0 buckler
rNeg    . . .        l - +3 ring mail "Seinieh" {rCorr Slay+2}
rPois   .            e - +1 hat
rElec   .            x - +0 cloak
rCorr   +            (no gloves)
SInv    .            g - +1 pair of boots
Will    .....        (no amulet)
Stlth   ++           c - ring of protection from cold
HPRegen 0.33/turn    (no ring)
MPRegen 0.12/turn

%: no passive effects
@: heroic
A: horns 2, retaliatory headbutt, fangs 1, clever 1, deterioration 1
a: Renounce Religion, Heroism


You were on level 7 of the Dungeon.
You worshipped Okawaru.
Okawaru was pleased with you.
You visited 2 branches of the dungeon, and saw 9 of its levels.
You also visited: Sewer.

You collected 463 gold pieces.
You spent 78 gold pieces at shops.

Inventory:

Hand Weapons
 a - a +0 war axe (weapon)
Armour
 e - a +1 hat (worn)
   (You found it on level 1 of the Dungeon)
 g - a +1 pair of boots (worn)
   (You found it on level 1 of the Dungeon)
 k - a +0 buckler (worn)
 l - the +3 ring mail "Seinieh" (worn) {rCorr Slay+2}
   (You found it on level 2 of the Dungeon)

   Slay+2:    It affects your accuracy & damage with ranged weapons and melee
   (+2).
   rCorr:     It protects you from acid and corrosion.
 x - a +0 cloak (worn)
   (You took it off Crazy Yiuf on level 4 of the Dungeon)
Jewellery
 c - a ring of protection from cold (left hand)
   (You found it on level 2 of the Dungeon)
Wands
 E - a wand of acid (2)
   (You found it on level 6 of the Dungeon)
 G - a wand of mindburst (27)
   (You found it on level 5 of the Dungeon)
Scrolls
 m - 2 scrolls of revelation
 n - 2 scrolls of fog
 r - a scroll of identify
 s - a scroll of brand weapon
 t - a scroll of immolation
 u - a scroll of torment
 y - 2 scrolls of poison
 z - 4 scrolls of blinking
 A - a scroll of noise {unknown}
 C - a scroll of acquirement {unknown}
 D - 2 scrolls of teleportation {unknown}
 F - 2 scrolls of amnesia {unknown}
Potions
 b - a potion of heal wounds {unknown}
 d - 4 potions of might
 f - a potion of berserk rage
 h - 4 potions of haste
 i - 2 potions of invisibility
 j - 2 potions of cancellation
 o - 2 potions of lignification
 p - a potion of enlightenment
 q - 2 potions of curing
 v - 2 potions of mutation
 w - a potion of attraction {unknown}
 B - 2 potions of resistance {unknown}


   Skills:
 * Level 8.8(13.8) Fighting
 * Level 8.4(13.4) Axes
 + Level 6.7(11.7) Armour
 + Level 6.7(11.7) Shields
 + Level 3.3 Invocations


You had 8 spell levels left.
You didn't know any spells.
Your spell library contained the following spells:

 Spells                   Type           Power      Damage    Failure   Level
 Sting                    Conj/Alch      0%         1d3       58%         1
 Cigotuvi's Dreadful Rot  Necr/Alch/Air  0%         N/A       75%         2
 Mercury Vapours          Alch/Air       0%         N/A       75%         2
 Sublimation of Blood     Necr           0%         N/A       75%         2
 Dazzling Flash           Conj/Hex       0%         N/A       92%         3
 Hailstorm                Conj/Ice       0%         3d5       92%         3
 Mephitic Cloud           Conj/Alch/Air  0%         N/A       92%         3
 Ignite Poison            Fire/Alch      0%         N/A       100%        4
 Olgreb's Toxic Radiance  Alch           0%         N/A       100%        4
 Petrify                  Alch/Erth      0%         N/A       100%        4
 Curse of Agony           Necr           0%         N/A       100%        5
 Freezing Cloud           Conj/Ice/Air   0%         6-21      100%        5
 Irradiate                Conj/Alch      0%         3d11      100%        5
 Silence                  Hex/Air        0%         N/A       100%        5
 Summon Ice Beast         Ice/Summ       Unusable   N/A       N/A         3
 Sculpt Simulacrum        Ice/Alch       Unusable   N/A       N/A         6

Dungeon Overview and Level Annotations

Branches:
Dungeon (8/15)             Temple (1/1) D:4           Sewer (visited)
   Lair: D:8-11

Altars:
Ashenzari
Cheibriados
Dithmenos
Elyvilon
Fedhas
Gozag
Hepliaklqana
Nemelex Xobeh
Okawaru
Qazlal
Ru
Trog
Uskayaw
Vehumet
Wu Jian
Zin
The Shining One

Shops:
D:1 *   D:3 *

Annotations:
D:7 discopopstar's ghost, novice FeSu


Innate Abilities, Weirdness & Mutations

You have a pair of horns on your head.
You reflexively headbutt those who attack you in melee.
You have very sharp teeth.
Your mind is acute. (Int +4, Str/Dex -1)
Your body sometimes deteriorates upon taking damage.


Message History

You miss the butterfly. You barely miss the butterfly.
Jeremiah hits you but does no damage.
You feel drained.
You closely miss Jeremiah. You headbutt Jeremiah!
Jeremiah is severely wounded.
You completely miss the butterfly. You miss the butterfly. x2
Jeremiah throws their arms up pleadingly.
Something smites you!
You slash Jeremiah!
You headbutt Jeremiah, but do no damage.
Jeremiah is almost dead.
You slash the butterfly!
You kill the butterfly!
The butterfly disappears in a burst of colours!
You closely miss the butterfly. You slash the butterfly!
You kill the butterfly!
The butterfly disappears in a burst of colours!
Jeremiah mumbles a slurred invocation.
Something smites you!
You gain the combat prowess of a mighty hero.
Jeremiah barely misses you.
You slash Jeremiah!
You kill Jeremiah!
Okawaru is honoured by your kill.
The butterfly disappears in a burst of colours! x8
Your life force feels restored.
No target in view!
Things that are here:
a +4 trident of draining; a +0 robe; an orb of energy You start resting.
Magic restored.
You feel like a meek peon again.
HP restored.
Things that are here:
a +4 trident of draining; a +0 robe; an orb of energy
There is a stone staircase leading down here.
You see here a +0 ring mail.
As you open the door, it creaks loudly!
There is an open door here.
Discopopstar's ghost turns its malevolent gaze towards you.
You hear a shout! x4
Discopopstar's ghost pulls a quokka out of its cap.
Found a dagger.
Found a roughly hewn altar of Beogh.
The orc shouts!
You hear a shout! x2
The orc warrior shouts!
The orc shouts!
The orc warrior shouts!
The orc shouts!
Discopopstar's ghost whispers, "Soon you will have time, lots of time..."
No reachable target in view!
Could not explore, unopened runed door.
Unknown command.
Unknown command.
Could not explore, unopened runed door.
Could not explore, unopened runed door.
The warg stops to sniff the ground.
There is a stone staircase leading down here.
You climb downwards.
Found 8 gold pieces.
There is a stone staircase leading up here.
Unknown command.
You climb upwards.
Level annotation: 3 runed translucent doors, discopopstar's ghost, novice FeSu
There is a stone staircase leading down here.
Discopopstar's ghost grins evilly.
The warg pauses to sniff the ground.
You open the gate.
The orc warrior hits you but does no damage.
The orc priest invokes the aid of Beogh against you.
Beogh smites you!
Your body deteriorates!
You feel weakened.
You gain the combat prowess of a mighty hero.
The orc hits you but does no damage.
The orc warrior hits you from afar with a +0 halberd!
Your body deteriorates!
You feel dopey.
The orc priest looks satisfied for a moment.
You slash the orc!
You kill the orc!
Okawaru accepts your kill. You block the orc's attack.
You block the orc warrior's attack.
The orc priest mumbles some strange prayers to Beogh against you.
Beogh smites you! The warg bites you but does no damage.
You hit the warg. You bite the warg, but do no damage.
The warg is lightly wounded.
The warg completely misses you. You furiously retaliate!
You headbutt the warg. You block the orc's attack.
The orc warrior hits you from afar with a +0 halberd!
The orc priest mumbles some strange prayers to Beogh against you.
Beogh smites you!
You are too injured to fight recklessly!
You are too injured to fight recklessly!
You slice the warg!! You bite the warg, but do no damage.
The warg is severely wounded.
You closely miss the orc. The warg bites you!
* * * LOW HITPOINT WARNING * * *
You are too injured to fight recklessly!
The warg attacks as it pursues you! The warg barely misses you.
The warg bites you but does no damage. You block the orc's attack.
The warg bites you!
* * * LOW HITPOINT WARNING * * *
Your body deteriorates!
You feel dopey. The warg attacks as it pursues you! The warg bites you!
You die...

#########
#.......######
#.(..........#
############8.........#
....#8.....#....@.....#
#####..##..#...h......#
..8#..#..........# #
..##oo#.o........# #
...o#.#oo##.###### ####
....#Woo.##.# ...#
_.8.#.'...#.# ##.#
[...#.'.....#
...##)..o#.#..##.#


You could see a warg, 3 orc warriors, discopopstar's ghost and 4 orcs.

Vanquished Creatures
  Jeremiah (D:7)
  Sigmund (D:6)
  A shadow (D:7)
  2 water moccasins
  A sky beast (D:7)
  A black bear (D:4)
  4 phantoms
  3 kobold brigands (Sewer)
  2 scorpions (D:6)
  A howler monkey (D:7)
  A hound (D:6)
  Crazy Yiuf (D:4)
  3 bombardier beetles
  A jelly (D:5)
  A sleepcap (D:7)
  Ijyb (D:2)
  Jessica (D:3)
  5 iguanas
  12 adders
  A shadow imp (D:6)
  2 white imps (D:6)
  2 dart slugs (D:1)
  4 ribbon worms
  An orc (D:7)
  8 endoplasms
  3 giant cockroaches
  7 hobgoblins
  12 jackals
  3 quokkas
  6 ball pythons
  8 bats
  4 frilled lizards
  11 goblins
  16 kobolds
  10 rats
141 creatures vanquished.

Notes
Turn   | Place    | Note
-------+----------+-------------------------------------------
     0 | D:1      | Flugkiller the Minotaur Fighter began the quest for the
                  | Orb.
     0 | D:1      | Reached XP level 1. HP: 19/19 MP: 0/0
    76 | D:1      | Reached XP level 2. HP: 27/27 MP: 1/1
   356 | D:1      | Reached XP level 3. HP: 33/33 MP: 2/2
   469 | D:1      | Found Banegyba's General Store.
  1114 | D:2      | Identified the +1 leather armour "Kituamil" {rElec rF+
                  | Int+3 Dex+2}
  1154 | D:2      | Identified the +3 ring mail "Seinieh" {rCorr Slay+2}
  1402 | D:2      | Reached XP level 4. HP: 41/41 MP: 3/3
  2109 | D:3      | Noticed Jessica
  2115 | D:3      | Killed Jessica
  2343 | D:3      | Noticed Ijyb
  2348 | D:3      | Reached skill level 5 in Fighting
  2350 | D:3      | Reached XP level 5. HP: 42/48 MP: 4/4
  2459 | D:2      | Killed Ijyb
  2734 | D:3      | Found Xicze's Assorted Antiques.
  3022 | D:3      | Bought a glowing emerald potion for 25 gold pieces
  3022 | D:3      | Bought a scroll labelled ZABBUSTREQO for 28 gold pieces
  3022 | D:3      | Bought a glowing emerald potion for 25 gold pieces
  3104 | D:3      | Gained mutation: Your body sometimes deteriorates upon
                  | taking damage. [potion of mutation]
  3104 | D:3      | Gained mutation: Your mind is acute. (Int +4, Str/Dex -1)
                  | [potion of mutation]
  3104 | D:3      | Gained mutation: You have very sharp teeth. [potion of
                  | mutation]
  3301 | D:4      | Found a white marble altar of Elyvilon.
  3301 | D:4      | Found a glowing silver altar of Zin.
  3303 | D:4      | Found a glowing golden altar of the Shining One.
  3374 | D:4      | Noticed a phantom
  3382 | D:4      | Killed a phantom
  3522 | D:4      | Found a runed translucent door.
  3523 | D:4      | Noticed Crazy Yiuf
  3650 | D:4      | Reached XP level 6. HP: 55/56 MP: 5/5
  3685 | D:4      | Found a staircase to the Ecumenical Temple.
  3709 | D:4      | Reached skill level 5 in Axes
  3713 | Temple   | Entered the Ecumenical Temple
  3842 | D:4      | Found a radiant altar of Vehumet.
  3982 | D:4      | Reached skill level 5 in Armour
  4030 | Temple   | Became a worshipper of Warmaster Okawaru
  4523 | D:4      | Killed Crazy Yiuf
  4524 | D:4      | Reached skill level 5 in Shields
  4585 | D:5      | Entered Level 5 of the Dungeon
  4620 | D:5      | Found a glowing drain.
  4631 | D:5      | Reached XP level 7. HP: 16/64 MP: 6/6
  4731 | Sewer    | Entered a sewer
  4986 | Sewer    | Reached skill level 1 in Invocations
  5241 | D:5      | Reached * piety under Okawaru
  5351 | D:5      | Reached XP level 8. HP: 62/73 MP: 8/8
  5736 | D:6      | Noticed Sigmund
  5743 | D:6      | Killed Sigmund
  5876 | D:6      | Reached ** piety under Okawaru
  6525 | D:7      | Noticed Jeremiah
  6549 | D:7      | Found a broken altar of Ashenzari.
  6748 | D:7      | Found a snail-covered altar of Cheibriados.
  6791 | D:7      | Found a stormy altar of Qazlal.
  7057 | D:7      | Found a runed translucent gate.
  7063 | D:7      | Found a runed translucent gate.
  7063 | D:7      | Found a runed translucent gate.
  7064 | D:7      | Noticed discopopstar's ghost (novice FeSu)
  7076 | D:7      | Reached XP level 9. HP: 66/82 MP: 10/10
  7283 | D:7      | Killed Jeremiah
  7697 | D:7      | Mangled by a warg

Illustrated notes

Levels and vault maps discovered:
D:1:      minmay_arrival_plants_in_alcoves, layout_loops_corners, serial_shops,
          nicolae_lakefront_shop
D:2:      minmay_general_purpose_star, layout_basic, grunt_decor_resistance
D:3:      kennysheep_the_goblin_king, layout_basic, serial_shops, shop,
          kennysheep_crisscross, grunt_decor_junction, uniq_jessica
D:4:      layout_loops_corners, dreamdust_divine_triumvirate,
          nicolae_vehumet_radiance, minmay_temple_entry_gardened_gates,
          uniq_crazy_yiuf_cottage
D:5:      layout_rooms, mainiacjoe_sewer_entry_somewhere_in_here_1
D:6:      layout_basic, uniq_sigmund
D:7:      layout_basic, lemuel_tele_altar, nicolae_qazlal_beasts_of_the_sky,
          mainiacjoe_overflow_small_starburst, biasface_ghost_orc_armoury,
          uniq_jeremiah
D:8:      layout_loops_ring, gammafunk_ghost_cemetery, uniq_grum
Temple:   eino_wide_crystal_templ

Skill      XL: |  1  2  3  4  5  6  7  8 |
---------------+-------------------------+-----
Fighting       | 4 5 6 7 8 |  8.8
Axes           | 3 4 5 6 8 |  8.4
Armour         | 4 5 6 |  6.7
Shields        | 4 5 6 |  6.7
Invocations    | 1 3 |  3.3

Action                     |  1- 3 |  4- 6 |  7- 9 || total
---------------------------+-------+-------+-------++-------
  Melee: War axe           |    87 |   107 |   162 ||   356
         Headbutt          |    12 |    14 |    28 ||    54
         Unarmed           |       |    21 |       ||    21
         Bite              |       |     6 |    19 ||    25
 Invoke: Heroism           |       |       |     2 ||     2
    Use: Scroll            |       |    11 |     1 ||    12
         Potion            |       |     3 |       ||     3
 Armour: Scale mail        |    40 |       |       ||    40
         Ring mail         |    11 |    73 |   128 ||   212
         Skin              |       |     8 |       ||     8
  Dodge: Dodged            |    34 |    62 |    61 ||   157
  Block: Buckler           |    20 |    20 |    32 ||    72
